 Dungeon Crawl Stone Soup version 0.31-a0-232-gb1c03b2570 (webtiles) character file.

Game seed: 7778863360866756046

336 qw the Shooter (level 6, -3/52 HPs)
             Began as a Minotaur Hexslinger on July 7, 2023.
             Was an Initiate of Okawaru.
             Slain by an iguana (9 damage)
             ... on level 5 of the Dungeon.
             The game lasted 00:01:21 (3569 turns).

qw the Shooter (Minotaur Hexslinger)                Turns: 3569, Time: 00:01:21

Health: -3/52      AC:  6    Str: 12 (13) XL:     6   Next: 28%
Magic:  6/6        EV: 11    Int: 14 (16) God:    Okawaru [......]
Gold:   258        SH:  5    Dex: 17 (18) Spells: 6/7 levels left

rFire   . . .        Y - +2 sling
rCold   . . .        (no shield)
rNeg    + . .        j - +0 ring mail
rPois   .            q - +1 hat
rElec   .            (no cloak)
rCorr   .            (no gloves)
SInv    .            (no boots)
Will    .....        k - amulet of reflection
Stlth   +            r - ring of positive energy
HPRegen 0.28/turn    t - ring "Odais" {Int+6 Dex+4}
MPRegen 0.10/turn

%: reflection
@: lethally poisoned (-3 -> -6), about to teleport
A: horns 2, retaliatory headbutt
a: Renounce Religion


You were on level 5 of the Dungeon.
You worshipped Okawaru.
Okawaru was noncommittal.
You visited 1 branch of the dungeon, and saw 5 of its levels.

You collected 286 gold pieces.
You spent 28 gold pieces at shops.


Innate Abilities, Weirdness & Mutations

You have a pair of horns on your head.
You reflexively headbutt those who attack you in melee.


   Skills:
 - Level 4.1 Fighting
 + Level 6.1 Ranged Weapons
 - Level 1.3 Armour
 - Level 2.1 Dodging
 - Level 1.0 Spellcasting
 - Level 2.0 Hexes


You had 6 spell levels left.
You knew the following spells:

 Your Spells              Type           Power      Damage    Failure   Level
a - Slow                  Hex            24%        N/A       26%         1

Your spell library contained the following spells:

 Spells                   Type           Power      Damage    Failure   Level
 Inner Flame              Hex/Fire       3%         N/A       75%         3
 Portal Projectile        Hex/Tloc       6%         N/A       75%         3
 Cause Fear               Hex            3%         N/A       94%         4

Inventory:

Hand Weapons
 Y - a +2 sling (weapon)
Armour
 j - a +0 ring mail (worn)
 q - a +1 hat (worn)
Jewellery
 k - an amulet of reflection (around neck)
 r - a ring of positive energy (left hand)
 t - the ring "Odais" (right hand) {Int+6 Dex+4}
   (You found it on level 4 of the Dungeon)

   [ring of intelligence]

   Int:       It affects your intelligence (+6).
   Dex:       It affects your dexterity (+4).
Scrolls
 f - a scroll of identify
Potions
 b - a potion of might {unknown}
 c - a potion of attraction {unknown}
 d - 2 potions of curing
 g - a potion of resistance
 h - a potion of heal wounds
 i - a potion of lignification {unknown}
 n - a potion of experience {unknown}
 o - a potion of mutation {unknown}
 p - a potion of ambrosia {unknown}
 u - a potion of invisibility {unknown}

Dungeon Overview and Level Annotations

Branches:
Dungeon (5/15)
 Temple: D:4-7

Altars:
Okawaru
The Shining One

Shops:
D:1 =*   D:3 (

Annotations:
D:4 Ijyb


Message History

You block the iguana's attack.
The black bear goes berserk!
The ufetubus barely misses you. The ufetubus misses you.
The adder bites you but does no damage. The adder barely misses you.
You shoot a sling bullet. The sling bullet hits the black bear.
The black bear is almost dead.
You feel very sick. You block the black bear's attack.
The black bear barely misses you. The black bear closely misses you.
The ufetubus hits you but does no damage.
The ufetubus hits you.
The iguana bites you but does no damage.
The adder bites you. The black bear bites you.
The black bear closely misses you. The black bear barely misses you.
The adder bites you but does no damage. The ufetubus hits you.
The ufetubus hits you but does no damage.
The iguana barely misses you. The adder bites you but does no damage.
You shoot a sling bullet.
The sling bullet closely misses the black bear.
You feel sick.
The black bear bites you but does no damage.
The black bear claws you but does no damage. x2
You block the ufetubus's attack. x2; The adder bites you.
The adder bites you but does no damage.
The black bear bites you but does no damage.
The black bear claws you. x2; You block the iguana's attack.
The ufetubus hits you.
The ufetubus hits you but does no damage.
The adder bites you but does no damage.
3569 ||| READING scroll of teleportation.
As you read the scroll of teleportation, it crumbles to dust.
You feel strangely unstable.
You feel sick. The black bear barely misses you. You furiously retaliate!
You headbutt the black bear!
You kill the black bear!
Okawaru accepts your kill. The adder bites you but does no damage.
You block the ufetubus's attack. The ufetubus barely misses you.
The adder bites you but does no damage.
The shadow imp hits you but does no damage.
The iguana bites you!
You die...

..## ..... ....###
##.....
.......#........
#...............
.................
.................
...>..5S.........
......5@S5.....#
........l......#
..)...........###
##.....#.....#... .##
#.######.#....# ....
#.>........######...#.
######...#####....#..
....................
#####.....##........


You could see an iguana, 2 adders, a white imp, a shadow imp and an ufetubus.

Vanquished Creatures
  A black bear (D:5)
  A phantom (D:4)
  A howler monkey (D:4)
  A hound (D:3)
  2 orc wizards (D:4)
  A gnoll (D:1)
  5 adders
  3 dart slugs
  7 orcs
  6 endoplasms
  5 giant cockroaches
  10 goblins
  6 hobgoblins
  9 jackals
  2 kobolds (D:1)
  4 quokkas
  4 ball pythons
  2 bats
  5 frilled lizards
  4 rats
79 creatures vanquished.

Notes
Turn   | Place    | Note
-------+----------+-------------------------------------------
     0 | D:1      | qw the Minotaur Hexslinger began the quest for the Orb.
     0 | D:1      | Reached XP level 1. HP: 16/16 MP: 1/1
     0 | D:1      | 0 ||| qw: Version: 0.3-a-46-gb1f654a
     0 | D:1      | 0 ||| qw: Game counter: 2983
     0 | D:1      | 0 ||| qw: Melee chars always use a shield: true
     0 | D:1      | 0 ||| qw: God list: Okawaru
     0 | D:1      | 0 ||| qw: Allow faded altars: false
     0 | D:1      | 0 ||| qw: Do Orc after clearing Dungeon:15 true
     0 | D:1      | 0 ||| qw: Do second Lair branch before Depths: true
     0 | D:1      | 0 ||| qw: Lair rune preference: random
     0 | D:1      | 0 ||| qw: Goals: Normal
     0 | D:1      | 0 ||| PLANNING D:1-11
   137 | D:1      | Reached skill level 3 in Ranged Weapons
   137 | D:1      | Reached XP level 2. HP: 23/23 MP: 2/2
   444 | D:1      | Reached XP level 3. HP: 29/29 MP: 3/3
   587 | D:1      | 587 ||| FLEEEEING.
   588 | D:1      | 588 ||| FLEEEEING.
   589 | D:1      | 589 ||| FLEEEEING.
   590 | D:1      | 590 ||| FLEEEEING.
   628 | D:1      | Found Plog's General Store.
   639 | D:1      | 639 ||| SHOPLISTING +7 orcbow "Xaebb" {antimagic, rElec
                  | Int+2} (891 gold, have 45).
   639 | D:1      | 639 ||| BUYING scroll of identify (28 gold).
   639 | D:1      | Bought a scroll of identify for 28 gold pieces
   639 | D:1      | 639 ||| SHOPLISTING scroll of identify (28 gold, have 17).
   639 | D:1      | 639 ||| SHOPLISTING scroll of teleportation (42 gold, have
                  | 17).
   697 | D:1      | Found Eweach's Jewellery Shoppe.
   701 | D:1      | 701 ||| SHOPLISTING +4 ring of slaying (1014 gold, have
                  | 17).
   701 | D:1      | 701 ||| SHOPLISTING +6 ring of dexterity (468 gold, have
                  | 17).
   701 | D:1      | 701 ||| SHOPLISTING amulet of reflection (390 gold, have
                  | 17).
   701 | D:1      | 701 ||| SHOPLISTING amulet of regeneration (390 gold, have
                  | 17).
   701 | D:1      | 701 ||| SHOPLISTING ring of ice (325 gold, have 17).
   701 | D:1      | 701 ||| SHOPLISTING ring of protection from cold (325 gold,
                  | have 17).
   861 | D:1      | 861 ||| READING scroll labelled CUISYB BUPH.
   862 | D:1      | 862 ||| READING 2 scrolls of identify.
   862 | D:1      | 862 ||| IDENTIFYING sedimented blue potion
   863 | D:1      | 863 ||| DROPPING scroll of poison.
  1016 | D:2      | Reached skill level 4 in Ranged Weapons
  1145 | D:2      | Reached XP level 4. HP: 35/36 MP: 4/4
  1732 | D:2      | 1732 ||| UPGRADING to +0 ring mail.
  1742 | D:2      | 1742 ||| DROPPING +0 robe.
  1743 | D:2      | 1743 ||| UPGRADING to ring of positive energy.
  1744 | D:2      | 1744 ||| UPGRADING to ring of positive energy.
  1745 | D:2      | 1745 ||| READING 4 scrolls labelled VISTEQ GERI.
  1793 | D:2      | 1793 ||| READING scroll labelled NUWNEC LACVEAL.
  1794 | D:2      | 1794 ||| READING scroll labelled WER COENU YLUCK.
  1795 | D:2      | 1795 ||| READING scroll labelled JOMERHA SEMUL.
  1796 | D:2      | 1796 ||| READING scroll labelled ZEM VINEARUOK.
  1800 | D:2      | 1800 ||| READING 3 scrolls of identify.
  1800 | D:2      | 1800 ||| IDENTIFYING glowing emerald potion
  1801 | D:2      | 1801 ||| READING 2 scrolls of identify.
  1801 | D:2      | 1801 ||| IDENTIFYING white potion
  1802 | D:2      | 1802 ||| DROPPING 3 scrolls of torment.
  1850 | D:3      | Found a glowing golden altar of the Shining One.
  1881 | D:3      | Found an iron altar of Okawaru.
  1882 | D:3      | 1882 ||| PLANNING OKAWARU WORSHIP
  1889 | D:3      | Became a worshipper of Warmaster Okawaru
  1890 | D:3      | 1890 ||| PLANNING D:1-11
  2034 | D:3      | Found Deth's Weapon Shoppe.
  2065 | D:3      | Reached skill level 1 in Armour
  2257 | D:3      | Found a faded altar of an unknown god.
  2519 | D:3      | Reached skill level 5 in Ranged Weapons
  2541 | D:3      | 2541 ||| UPGRADING to amulet of reflection.
  2546 | D:3      | 2546 ||| READING 3 scrolls labelled FISOWIOHAC.
  2547 | D:3      | 2547 ||| READING scroll labelled CAJIPROOPO.
  2548 | D:3      | 2548 ||| DROPPING 2 scrolls of fear.
  2621 | D:4      | 2621 ||| STAIRDANCE
  2624 | D:3      | Reached skill level 3 in Fighting
  2624 | D:3      | Reached XP level 5. HP: 38/45 MP: 5/5
  2666 | D:4      | Noticed a phantom
  2678 | D:4      | Killed a phantom
  2822 | D:4      | Reached skill level 6 in Ranged Weapons
  2828 | D:4      | Reached XP level 6. HP: 51/51 MP: 6/6
  2972 | D:4      | Identified the ring "Odais" {Int+6 Dex+4}
  3023 | D:4      | Noticed Ijyb
  3032 | D:4      | HP: 10/51 [Ijyb/+0 club (3)]
  3033 | D:4      | 3033 ||| READING 2 scrolls of teleportation.
  3034 | D:4      | 3034 ||| DRINKING 2 potions of heal wounds.
  3390 | D:4      | 3390 ||| UPGRADING to +1 hat.
  3395 | D:4      | 3395 ||| UPGRADING to ring "Odais" {Int+6 Dex+4}.
  3397 | D:4      | 3397 ||| DROPPING ring of positive energy.
  3398 | D:4      | 3398 ||| READING scroll labelled SINUARRORUFF.
  3399 | D:4      | 3399 ||| READING scroll labelled IKLEXZ FOXUE.
  3400 | D:4      | 3400 ||| DRINKING 3 lumpy amethyst potions.
  3401 | D:4      | 3401 ||| DROPPING 2 potions of degeneration.
  3417 | D:5      | Entered Level 5 of the Dungeon
  3428 | D:5      | 3428 ||| STAIRDANCE
  3568 | D:5      | HP: 9/52 [black bear (5)]
  3569 | D:5      | 3569 ||| READING scroll of teleportation.
  3569 | D:5      | Slain by an iguana

Levels and vault maps discovered:
D:1:      minmay_arrival_checkered_box, layout_basic, serial_shops,
          nicolae_shop_temple_entry_statues_fountains,
          nicolae_shop_back_alley_shop, nicolae_titane
D:2:      layout_basic, minmay_tetromino_o4
D:3:      minmay_spotlight, layout_basic, tso_metal_star, okawaru_gym_becter,
          hellmonk_ecumenical_altar_dog_temple, serial_shops, shop
D:4:      layout_gridville, minmay_ruptured, uniq_ijyb
D:5:      layout_rooms, serial_shops, shop

Skill      XL: |  1  2  3  4  5  6 |
---------------+-------------------+-----
Ranged Weapons | 3 4 5 6 |  6.1
Fighting       | 2 3 4 |  4.1
Armour         | 1 |  1.3
Dodging        | |  2.1
Spellcasting   | |  1.0
Hexes          | |  2.0

Action                     |  1- 3 |  4- 6 || total
---------------------------+-------+-------++-------
   Fire: Sling             |   103 |   161 ||   264
    Use: Scroll            |     2 |    13 ||    15
         Potion            |       |     2 ||     2
 Armour: Robe              |     7 |     1 ||     8
         Ring mail         |       |    78 ||    78
  Dodge: Dodged            |    37 |    75 ||   112
  Block: Other             |       |    27 ||    27
         Reflection        |       |     2 ||     2

Table legend:
 A = Non-vault XP
 B = Vault XP
 C = Vault XP percentage of total XP
 D = Non-vault monster count
 E = Vault monster count
 F = Vault count percentage of total count
                 A         B        C        D         E       F
            +---------+---------+-------+---------+---------+-------
      Total |     523 |      86 |  14.1 |      67 |      12 |  15.2
            +---------+---------+-------+---------+---------+-------
        D:1 |      61 |       0 |   0.0 |      27 |       0 |   0.0
        D:2 |      49 |       4 |   7.5 |      15 |       3 |  16.7
        D:3 |      82 |      24 |  22.6 |      12 |       6 |  33.3
        D:4 |     194 |      58 |  23.0 |       9 |       3 |  25.0
        D:5 |     137 |       0 |   0.0 |       4 |       0 |   0.0
            +---------+---------+-------+---------+---------+-------
